 Dungeon Crawl Stone Soup version 0.26.1-11-gd32895ea62 (webtiles) character file.

Game seed: 9085851589813026860

2367 MajorAdolf the Covert (level 9, -6/81 HPs)
             Began as a Naga Wanderer on July 11, 2021.
             Was an Initiate of Gozag.
             Mangled by a chaos spawn (10 damage)
             ... on level 8 of the Dungeon on July 12, 2021.
             The game lasted 00:18:50 (11323 turns).

MajorAdolf the Covert (Naga Wanderer)              Turns: 11323, Time: 00:18:50

Health: -6/81      AC:  8    Str: 10    XL:     9   Next: 44%
Magic:  2/9        EV: 11    Int: 17    God:    Gozag
Gold:   712        SH: 10    Dex: 14    Spells: 8/8 levels left

rFire    + . .     SeeInvis +   a - +3 hand axe
rCold    + . .     Faith    .   c - +0 buckler
rNeg     . . .     Spirit   .   v - +1 leather armour of Vehumet's Condemnation {Harm rF+ rC+}
rPois    +         Reflect  +   (no helmet)
rElec    .         Harm     +   n - +1 cloak
rCorr    .         Rampage  .   (no gloves)
Will     +....                  (no barding)
Stlth    ++++......             G - amulet of reflection
HPRegen  0.23/turn              C - ring of flight
MPRegen  0.11/turn              (no ring)

@: about to teleport, very slow
A: large, see invisible, deformed body, poison resistance, slowness 2, spit
poison 1, AC +3
a: Spit Poison, Renounce Religion, Evoke Flight, Potion Petition, Call Merchant,
Bribe Branch


You were on level 8 of the Dungeon.
You worshipped Gozag.
Gozag was pleased with you.
You visited 1 branch of the dungeon, and saw 8 of its levels.
You also visited: Sewer and Ossuary.

You collected 892 gold pieces.
You paid 180 gold pieces to Gozag.

Inventory:

Hand Weapons
 a - a +3 hand axe (weapon)
 e - a +0 dagger
 w - a +1 whip of venom
Armour
 c - a +0 buckler (worn)
 d - a +0 robe
 f - a +0 ring mail
 j - a +0 chain mail
 n - a +1 cloak (worn)
 v - the +1 leather armour of Vehumet's Condemnation (worn) {Harm rF+ rC+}
   (You found it on level 4 of the Dungeon)

   It protects you from fire.
   It protects you from cold.
   It increases damage dealt and taken.
 D - a +1 cloak of poison resistance
Magical Staves
 K - an uncursed staff of cold
Jewellery
 C - a ring of flight (left hand)
 G - an amulet of reflection (around neck)
Wands
 F - a wand of flame (28)
 I - a wand of iceblast (9)
Scrolls
 l - 3 scrolls of remove curse
 x - a scroll of enchant armour
 y - a scroll of enchant weapon
 B - 2 scrolls of fear {unknown}
 H - a scroll of fog {unknown}
 J - 2 scrolls of random uselessness {unknown}
 L - a scroll of magic mapping
Potions
 b - 3 potions of lignification
 g - 2 potions of degeneration
 h - 2 potions of attraction {unknown}
 k - a potion of heal wounds
 m - 4 potions of flight {unknown}
 o - a potion of mutation {unknown}
 p - 2 potions of haste {unknown}
 q - 8 potions of curing {unknown}
 r - 2 potions of ambrosia {unknown}
 s - 3 potions of brilliance {unknown}
 t - a potion of magic {unknown}
 u - a potion of resistance
 z - 2 potions of berserk rage {unknown}
 A - 3 potions of might {unknown}
 E - 2 potions of invisibility {unknown}


   Skills:
 + Level 5.4 Fighting
 + Level 5.2 Axes
 - Level 1.0 Staves
 - Level 1.0 Throwing
 - Level 4.0 Armour
 + Level 3.8 Dodging
 + Level 8.3 Stealth
 + Level 4.1 Shields
 + Level 2.1 Evocations


You had 8 spell levels left.
You didn't know any spells.
Your spell library contained the following spells:

 Spells                   Type           Power        Failure   Level
 Animate Skeleton         Necr           0%           30%         1
 Pain                     Necr           0%           30%         1
 Vampiric Draining        Necr           0%           67%         3
 Animate Dead             Necr           0%           97%         4
 Agony                    Necr           0%           100%        5


Dungeon Overview and Level Annotations

Branches:
Dungeon (8/15)             Temple (0/1) D:6           Sewer (visited)
Ossuary (visited)
   Lair: D:8-11

Altars:
Dithmenos
Gozag
Kikubaaqudgha
Nemelex Xobeh
Qazlal
Ru
Wu Jian
Zin


Innate Abilities, Weirdness & Mutations

You cannot wear boots.
Your serpentine skin is tough. (AC +3)
You have supernaturally acute eyesight. (SInv)
Armour fits poorly on your strangely shaped body.
Your system is resistant to poisons. (rPois)
You cover ground very slowly.
You can spit poison.


Message History

You hit the chaos spawn. The chaos spawn gores you!
You are engulfed in flames.
You resist. The chaos spawn gores you!
You feel your power leaking away.
You hit the chaos spawn but do no damage.
The chaos spawn is almost dead.
You barely miss the chaos spawn. The chaos spawn gores you.
The chaos spawn shocks you!
* * * LOW HITPOINT WARNING * * *
The chaos spawn hits you.
* * * LOW HITPOINT WARNING * * *
The chaos spawn draws strength from your injuries!
The chaos spawn gores you!
* * * LOW HITPOINT WARNING * * *
You are engulfed in flames.
You resist.
* * * LOW HITPOINT WARNING * * *
Okay, then.
As you read the scroll of teleportation, it crumbles to dust.
You feel strangely unstable. The chaos spawn gores you!
You die...
Your body crumbles into a pile of gold.

....# #.....#
....# #.....#
###.###
#.....##
..#...#
#......###
..#...#
#........#
###...#
#####....#
#...#
#####.(..#
###.###
#........#
....#
###.###4@..#
#####
........4..#
8..!.≈......#
#≈.≈##⌠.#...#
⌠....#r8♣.#.#
8#♣ <⌠+..#..#
.(. #....#
.).. ...#..
+.#)⌠ .## >#


You could see 2 chaos spawn and a quokka.

Vanquished Creatures
  A manticore (D:8)
  Grinder (D:3)
  Sigmund (D:3)
  Purgy (Sewer)
  A phantom (D:5)
  An ogre (D:8)
  2 centaurs
  An elf zombie (Ossuary)
  A bullfrog (D:7)
  A scorpion (D:7)
  A howler monkey (D:7)
  4 centaur zombies
  2 hounds
  2 jellies
  Crazy Yiuf (D:6)
  2 human zombies (Ossuary)
  An orc priest (D:7)
  A bullfrog skeleton (D:4)
  Jessica (D:3)
  An iguana (D:4)
  8 worker ants
  A big kobold zombie (Ossuary)
  2 hound skeletons
  A hound zombie (Ossuary)
  3 mummies (Ossuary)
  6 adders
  7 gnolls
  A shadow imp (D:6)
  3 white imps
  2 adder zombies (Ossuary)
  4 worms
  4 dart slugs
  3 leopard geckos
  9 orcs
  A ball python (D:4)
  9 giant cockroaches
  A gnoll zombie (Ossuary)
  6 goblins
  7 hobgoblins
  6 jackals (D:5)
  12 kobolds
  3 quokkas
  5 bats
  6 frilled lizards
  5 goblin zombies (Ossuary)
  2 hobgoblin zombies (Ossuary)
  2 jackal zombies (Ossuary)
  4 kobold zombies (Ossuary)
  An orc zombie (Ossuary)
  6 quokka zombies
  12 rats
  4 rat zombies (Ossuary)
173 creatures vanquished.

Vanquished Creatures (others)
  A plant (D:3)
1 creature vanquished.

Grand Total: 174 creatures vanquished

Notes
Turn   | Place    | Note
-------+----------+-------------------------------------------
     0 | D:1      | MajorAdolf the Naga Wanderer began the quest for the Orb.
     0 | D:1      | MajorAdolf set off with the following items: a +2 hand axe,
                  | a potion of lignification, a +0 buckler, a +0 robe, a +0
                  | dagger
     0 | D:1      | Reached XP level 1. HP: 19/19 MP: 1/1
   220 | D:1      | Reached XP level 2. HP: 26/26 MP: 2/2
   844 | D:1      | Reached XP level 3. HP: 32/32 MP: 3/3
  2109 | D:2      | Found an ornate altar of the Wu Jian Council.
  2439 | D:3      | Reached XP level 4. HP: 27/40 MP: 4/4
  2444 | D:3      | Noticed Jessica
  2460 | D:3      | Killed Jessica
  2461 | D:3      | Reached skill level 1 in Dodging
  2461 | D:3      | Reached skill level 4 in Stealth
  2623 | D:3      | Noticed Grinder
  2788 | D:4      | Got a masterwork leather armour
  2799 | D:4      | Identified the +1 leather armour of Vehumet's Condemnation
                  | {Harm rF+ rC+} (You found it on level 4 of the Dungeon)
  2882 | D:4      | Reached XP level 5. HP: 34/46 MP: 5/5
  2885 | D:4      | Found a sand-covered staircase.
  2902 | Ossuary  | Entered an ossuary
  3176 | Ossuary  | Reached XP level 6. HP: 46/56 MP: 6/6
  3506 | Ossuary  | Reached skill level 5 in Stealth
  3986 | Ossuary  | Reached XP level 7. HP: 46/62 MP: 7/7
  5299 | D:5      | Entered Level 5 of the Dungeon
  6134 | D:5      | Reached skill level 6 in Stealth
  6639 | D:6      | Found a staircase to the Ecumenical Temple.
  6706 | D:6      | Reached XP level 8. HP: 72/72 MP: 8/8
  6789 | D:6      | Found a glowing drain.
  6793 | Sewer    | Entered a sewer
  6900 | Sewer    | Noticed Purgy
  6966 | Sewer    | Killed Purgy
  7387 | D:6      | Found an opulent altar of Gozag.
  7596 | D:6      | Found a runed translucent door.
  7597 | D:6      | Noticed Crazy Yiuf
  7747 | D:6      | Became a worshipper of Gozag Ym Sagoz the Greedy
  7949 | D:6      | Killed Crazy Yiuf
  7993 | D:7      | Found a sparkling altar of Nemelex Xobeh.
  8054 | D:7      | Found a shadowy altar of Dithmenos.
  8303 | D:7      | Reached skill level 7 in Stealth
  8959 | D:8      | Noticed a manticore
  9849 | D:3      | Paralysed by Grinder for 3 turns
  9854 | D:3      | Paralysed by Grinder for 3 turns
  9863 | D:3      | Killed Grinder
  9994 | D:3      | Noticed Sigmund
 10004 | D:3      | Killed Sigmund
 10005 | D:3      | Reached skill level 5 in Fighting
 10005 | D:3      | Reached skill level 1 in Evocations
 10005 | D:3      | Reached XP level 9. HP: 73/81 MP: 9/9
 10046 | D:3      | Found a stormy altar of Qazlal.
 10046 | D:3      | Found a sacrificial altar of Ru.
 10071 | D:3      | Found an ancient bone altar of Kikubaaqudgha.
 10523 | D:8      | Killed a manticore
 10524 | D:8      | Reached skill level 5 in Axes
 10524 | D:8      | Reached skill level 8 in Stealth
 11241 | D:8      | Noticed an angel
 11242 | D:8      | Found a glowing silver altar of Zin.
 11302 | D:8      | Found the +7 mace of Variability {chain chaos}
 11322 | D:8      | HP: 4/81 [chaos spawn (3)]
 11323 | D:8      | Mangled by a chaos spawn

Illustrated notes

Levels and vault maps discovered:
D:1:      lightli_molten_gateway, layout_basic
D:2:      layout_basic, marbit_many_paths, chequers_serial_rivers_micro_b
D:3:      layout_rooms, gammafunk_temple_overflow_forgotten, hex_large,
          uniq_jessica, uniq_grinder, uniq_sigmund
D:4:      layout_layer_cave, nicolae_ossuary_entry_ruins
D:5:      layout_loops_corners, kennysheep_another_room
D:6:      cheibrodos_iron_armory, layout_basic, overflow_temple_1_default,
          minmay_temple_entry_hall, gup_sewer_entry_bowl,
          uniq_crazy_yiuf_cottage
D:7:      layout_loops_ring, nemelex_xobeh_ov_fountains_minmay, basic_altar
D:8:      layout_basic, tgw_trog, zin_angel, minmay_stone_trees_small,
          minmay_guarded_unrand_variability

Skill      XL: |  1  2  3  4  5  6  7  8  9 |
---------------+----------------------------+-----
Dodging        | 1 2 3 |  3.8
Stealth        | 4 5 6 7 8 |  8.3
Fighting       | 3 4 5 |  5.4
Axes           | 3 4 5 |  5.2
Armour         | 2 3 4 |  4.0
Shields        | 2 3 4 |  4.1
Evocations     | 1 2 |  2.1
Staves         | |  1.0
Throwing       | |  1.0

Action                   |  1- 3 |  4- 6 |  7- 9 || total
-------------------------+-------+-------+-------++-------
Melee: Hand axe          |    92 |   180 |   325 ||   597
       Whip              |       |     5 |       ||     5
Throw: Boomerang         |     7 |       |       ||     7
 Abil: Spit Poison       |    17 |     8 |    25 ||    50
Evoke: Wand              |       |       |    14 ||    14
  Use: Scroll            |       |     3 |     9 ||    12
       Potion            |       |       |     3 ||     3
 Stab: Sleeping          |     3 |       |    20 ||    23
Armor: Robe              |    12 |     4 |       ||    16
       Chain mail        |    11 |       |       ||    11
       Leather armour    |       |    41 |    74 ||   115
       Skin              |       |       |    15 ||    15
Dodge: Dodged            |    35 |    62 |   140 ||   237
Block: Buckler           |    18 |    39 |   114 ||   171
       Reflection        |       |       |     4 ||     4
